 Dungeon Crawl Stone Soup version 0.25-a0-251-g572059c536 (webtiles) character file.

Game seed: 16929378940672947556, levelgen mode: classic

338 Borgoz the Covered (level 6, -7/40 HPs)
             Began as a Gargoyle Fighter on Dec 4, 2019.
             Blown up by Ijyb (30 damage)
             ... with a disintegration bolt
             ... on level 4 of the Dungeon.
             The game lasted 00:05:33 (2706 turns).

Borgoz the Covered (Gargoyle Fighter)               Turns: 2706, Time: 00:05:33

Health: -7/40      AC: 18    Str: 21    XL:     6   Next: 55%
Magic:  6/6        EV: 11    Int:  8    God:
Gold:   147        SH:  9    Dex: 10    Spells: 5/5 levels left

rFire    . . .     SeeInvis .   a - +0 long sword
rCold    . . .     Gourm    .   c - +0 shield
rNeg     + . .     Faith    .   b - +0 scale mail
rPois    ∞         Spirit   .   j - +1 helmet
rElec    +         Reflect  .   (no cloak)
rCorr    .         Harm     .   (no gloves)
MR       .....                  (no boots)
Stlth    ..........             (no amulet)
HPRegen  0.13/turn              m - +4 ring of evasion
MPRegen  0.10/turn              s - +5 ring of protection

@: no status effects
A: negative energy resistance 1, electricity resistance, unbreathing,
petrification resistance, rot immunity, AC +4
a: no special abilities


You were on level 4 of the Dungeon.
You were not hungry.

You visited 1 branch of the dungeon, and saw 4 of its levels.

You collected 147 gold pieces.

Inventory:

Hand Weapons
 a - a +0 long sword (weapon)
Armour
 b - a +0 scale mail (worn)
 c - a +0 shield (worn)
 j - a +1 helmet (worn)
Jewellery
 m - a +4 ring of evasion (left hand)
 s - a +5 ring of protection (right hand)
Scrolls
 g - a scroll of blinking
 q - 3 scrolls of teleportation
Potions
 e - 3 potions of haste
 h - a potion of brilliance {unknown}
 i - a potion of magic {unknown}
 l - a potion of curing {unknown}
 o - 3 potions of degeneration {unknown}
 p - a potion of ambrosia {unknown}
 r - 2 potions of agility
Comestibles
 d - 9 chunks of flesh
 f - 4 rations


   Skills:
 + Level 4.8 Fighting
 + Level 3.3 Long Blades
 + Level 4.8 Armour
 + Level 4.8 Shields


You had 5 spell levels left.
You didn't know any spells.
Your spell library was empty.

Dungeon Overview and Level Annotations

Branches:
Dungeon (4/15)
 Temple: D:4-7

Altars:
Hepliaklqana
Makhleb
Nemelex Xobeh
Yredelemnul

Annotations:
D:3 Purgy
D:4 Ijyb


Innate Abilities, Weirdness & Mutations

You are resistant to torment.
Your stone body is resilient. (AC +4)
You are immune to poison.
You resist negative energy. (rN+)
You are resistant to electric shocks. (rElec)
You can survive without breathing.
You are immune to petrification.
You are immune to rotting.


Message History

You see here a +0 dagger.
Eating one of 10 chunks of flesh.
You eat one of the 10 chunks of flesh.
This raw flesh tastes terrible.
Ijyb the Twisted Goblin comes into view.
She is carrying a wand of disintegration (10).
Ijyb shouts!
You block Ijyb's attack.
You hit Ijyb.
Ijyb is lightly wounded.
Ijyb hits you but does no damage.
You hit Ijyb but do no damage.
Ijyb is lightly wounded.
You block Ijyb's attack.
You hit Ijyb but do no damage.
Ijyb is lightly wounded.
You block Ijyb's attack.
You slash Ijyb!
Ijyb is heavily wounded.
Ijyb zaps a wand.
You are blasted!
Ijyb zaps a wand.
You are blasted!
Ouch! That really hurt!
You die...

######### ###
#.......# #..
#.#####.# #.#
#.....#.# #.#
#...#.#.# #g#
#.#.#.#.####@#
###.#.#<#.#......#
...>...)).....####
###.........###
...........)#
....#######.# ....
..# ... ### ..


You could see Ijyb.

Vanquished Creatures
  Jessica (D:2)
  Natasha (thrice) (D:3)
  Robin (D:3)
  A howler monkey skeleton (D:4)
  7 adders
  6 gnolls (D:2)
  An ooze (D:3)
  A worm (D:2)
  5 dart slugs
  A leopard gecko (D:3)
  An orc (D:3)
  7 bats
  3 giant cockroaches
  9 hobgoblins
  8 jackals (D:1)
  3 quokkas
  A frilled lizard (D:2)
  16 goblins
  8 kobolds
  4 rats
87 creatures vanquished.

Notes
Turn   | Place    | Note
-------+----------+-------------------------------------------
     0 | D:1      | Borgoz the Gargoyle Fighter began the quest for the Orb.
     0 | D:1      | Reached XP level 1. HP: 14/14 MP: 1/1
    34 | D:1      | Reached XP level 2. HP: 10/19 MP: 2/2
   339 | D:1      | Reached XP level 3. HP: 22/23 MP: 3/3
   375 | D:1      | You fall into a shaft and drop 1 floor!
   603 | D:2      | Reached XP level 4. HP: 29/29 MP: 4/4
   697 | D:2      | Found a sparkling altar of Nemelex Xobeh.
   707 | D:2      | Noticed Jessica
   711 | D:2      | Killed Jessica
   711 | D:2      | Reached XP level 5. HP: 28/33 MP: 5/5
  1736 | D:3      | Found a burning altar of Makhleb.
  1738 | D:3      | Noticed Purgy
  1778 | D:3      | Noticed Natasha
  1790 | D:3      | Killed Natasha
  1794 | D:3      | Noticed Natasha
  1800 | D:3      | Killed Natasha
  1800 | D:3      | Reached XP level 6. HP: 12/39 MP: 6/6
  2136 | D:3      | Found a sparkling altar of Nemelex Xobeh.
  2274 | D:3      | Found a basalt altar of Yredelemnul.
  2276 | D:3      | Found a hazy altar of Hepliaklqana.
  2280 | D:3      | Noticed Natasha
  2288 | D:3      | Killed Natasha
  2572 | D:4      | Noticed Robin
  2658 | D:3      | Killed Robin
  2701 | D:4      | Noticed Ijyb
  2706 | D:4      | Blown up by Ijyb

Levels and vault maps discovered:
D:1:      lightli_arrival_maybe_door_vault, layout_basic
D:2:      layout_loops_ring, nemelex_diamond_rough_becter, uniq_jessica
D:3:      layout_loops_ring, nicolae_overflow_hidden_temple,
          nemelex_xobeh_ov_fountains_minmay, uniq_natasha, uniq_purgy
D:4:      layout_basic, gammafunk_temple_overflow_forgotten, serial_shops,
          nicolae_shop_statue_plus, uniq_ijyb, uniq_robin

Skill      XL: |  1  2  3  4  5 |
---------------+----------------+-----
Long Blades    | 2 3 |  3.3
Fighting       | 4 |  4.8
Shields        | 4 |  4.8
Armour         | 4 |  4.8

Action                   |  1- 3 |  4- 6 || total
-------------------------+-------+-------++-------
Melee: Long sword        |   130 |   199 ||   329
  Use: Scroll            |     2 |     8 ||    10
       Potion            |       |     1 ||     1
  Eat: Chunk             |       |     7 ||     7
Armor: Scale mail        |    84 |    76 ||   160
Dodge: Dodged            |    58 |   130 ||   188
Block: Shield            |    94 |   134 ||   228
       Rpst.: Long sword |    19 |    37 ||    56

Table legend:
 A = Non-vault XP
 B = Vault XP
 C = Vault XP percentage of total XP
 D = Non-vault monster count
 E = Vault monster count
 F = Vault count percentage of total count
                 A         B        C        D         E       F
            +---------+---------+-------+---------+---------+-------
      Total |     374 |     110 |  22.7 |      72 |      15 |  17.2
            +---------+---------+-------+---------+---------+-------
        D:1 |      50 |       0 |   0.0 |      26 |       0 |   0.0
        D:2 |     174 |      37 |  17.5 |      29 |       1 |   3.3
        D:3 |     134 |      67 |  33.3 |      15 |      11 |  42.3
        D:4 |      16 |       6 |  27.3 |       2 |       3 |  60.0
            +---------+---------+-------+---------+---------+-------
